 Dungeon Crawl Stone Soup version 0.16.3-4-gc506b73efe (webtiles) character file.

1544 BongwizSwagnificent the Magician (level 8, 0/50 HPs)
             Began as an Octopode Wizard on Jan 16, 2024.
             Was a Believer of Sif Muna.
             Slain by a worker ant (4 damage)
             ... on level 6 of the Dungeon.
             The game lasted 00:25:03 (5982 turns).

BongwizSwagnificent the Magician (Octopode Wizard)  Turns: 5982, Time: 00:25:03

Health: 0/50       AC:  5    Str: 11    XL:     8   Next: 87%
Magic:  23/31      EV: 12    Int: 23    God:    Sif Muna [**....]
Gold:   465        SH:  0    Dex: 10    Spells: 6 memorised, 7 levels left

rFire  . . .     SeeInvis .     a - +0 trident
rCold  . . .     Clarity  .     (no shield)
rNeg   . . .     SustAb   .     b - +0 hat
rPois  .         Gourm    .     u - amulet of faith
rElec  +         Spirit   .     g - +4 ring of protection
rCorr  .         Warding  .     f - ring of magical power
rMut   .         Rnd*Tele +     v - ring of protection from magic
MR     +....                    (no ring)
Stlth  ++++......               (no ring)
                                (no ring)
                                (no ring)
                                (no ring)

@: mighty, lethally poisoned (0 -> -5), somewhat resistant to hostile
enchantments, stealthy
A: almost no armour, amphibious, 8 rings, constrict 8, camouflage 1, electricity
resistance, teleportitis 1, gelatinous body 1, placid magic 1
a: Channel Energy, Forget Spell, Renounce Religion


You were on level 6 of the Dungeon.
You worshipped Sif Muna.
Sif Muna was pleased with you.
You were hungry.

You visited 1 branch of the dungeon, and saw 6 of its levels.

You collected 465 gold pieces.

Inventory:

Hand weapons
 a - a +0 trident (weapon)
 w - a +1 short sword of draining
Missiles
 r - 7 tomahawks
 y - 2 throwing nets (quivered)
Armour
 b - a +0 hat (worn)
Jewellery
 f - a ring of magical power (right tentacle)
 g - a +4 ring of protection (left tentacle)
 u - an amulet of faith (around mantle)
 v - a ring of protection from magic (on tentacle)
Scrolls
 e - a scroll of random uselessness {unknown}
 h - a scroll of enchant weapon {unknown}
 j - a scroll of noise
 k - a scroll of blinking {unknown}
 l - a scroll of fear {unknown}
 m - a scroll of teleportation {unknown}
 n - a scroll of amnesia
 o - 4 scrolls of identify
 p - 5 scrolls of remove curse
 s - 2 scrolls of immolation {unknown}
 t - a scroll of recharging
Books
 c - a book of Minor Magic

   Spells                             Type                      Level
   a - Magic Dart                     Conjuration                  1
   b - Blink                          Translocation                2
   c - Call Imp                       Summoning                    2
   d - Repel Missiles                 Charms/Air                   2
   e - Slow                           Hexes                        2
   f - Conjure Flame                  Conjuration/Fire             3
   g - Mephitic Cloud                 Conjuration/Poison/Air       3
 B - a book of Summonings

   Spells                             Type                      Level
   a - Abjuration                     Summoning                    3
   b - Recall                         Summoning/Translocation      3
   c - Shadow Creatures               Summoning                    5
   d - Summon Demon                   Summoning                    5
   e - Summon Forest                  Summoning/Translocation      5
   f - Monstrous Menagerie            Summoning                    6
Comestibles
 d - 4 bread rations
 i - a beef jerky
 q - a royal jelly
 z - a meat ration
 A - 3 fruits


   Skills:
 - Level 1.8 Fighting
 - Level 3.0 Dodging
 - Level 4.2 Stealth
 * Level 6.5 Spellcasting
 + Level 4.4 Conjurations
 - Level 1.0 Summonings
 * Level 5.4 Translocations
 - Level 3.0 Air Magic


You had 7 spell levels left.
You knew the following spells:

 Your Spells              Type           Power        Failure   Level  Hunger
a - Magic Dart            Conj           ###.         1%          1    None
b - Blink                 Tloc           N/A          1%          2    None
c - Call Imp              Summ           #.......     4%          2    None
d - Mephitic Cloud        Conj/Pois/Air  ##......     4%          3    #......
e - Repel Missiles        Chrm/Air       #.....       4%          2    None
f - Conjure Flame         Conj/Fire      ##......     5%          3    #......


Dungeon Overview and Level Annotations

Branches:
Dungeon (6/15)
 Temple: D:4-7

Altars:
Ashenzari
Gozag
Sif Muna
Trog
Xom
The Shining One


Innate Abilities, Weirdness & Mutations

You cannot wear most types of armour.
You are amphibious.
You can wear up to eight rings at the same time.
You can use your tentacles to constrict many enemies at once.
Your skin changes colour to match your surroundings (Stealth).
Your rubbery body absorbs attacks (AC +1).
You are resistant to electric shocks.
Space occasionally distorts in your vicinity.
Your spells are a little easier to cast, but a little less powerful.


Message History

The worker ant bites you!
* * * LOW HITPOINT WARNING * * *
You are lethally poisoned!
The worker ant poisons you!
* * * LOW HITPOINT WARNING * * *
You feel sick.
* * * LOW HITPOINT WARNING * * *
You feel sick.
Casting: Blink
Confirm with . or Enter, or press ? or * to list all spells.
You blink.
* * * LOW HITPOINT WARNING * * *
You feel sick.
* * * LOW HITPOINT WARNING * * *
You feel sick.
Drink which item? (? for menu, Esc to quit)
It was a potion of might.
You feel very mighty all of a sudden. The worker ant bites you.
You die...

#.#####+#.###).#..
########))............#.<
....)...).............#.#
...#####).............#..
#.÷.........._####
#.###.....#+#..... #.#
#.......#.###
....####.#############
..%.....@.........
....####a##....... #S#
..... #§# .... #.# ......
###########+###g##...S..
#.......................
#.........g.S.....#.....
#.o...............# ..


You could see a worker ant, an adder and a hobgoblin.

Vanquished Creatures
  Grinder (D:5)
  2 ice beasts
  An orc warrior (D:6)
  2 phantoms (D:4)
  3 ogres
  A crimson imp (D:5)
  A giant frog zombie (D:5)
  3 jellies (D:5)
  A giant frog skeleton (D:5)
  An iguana (D:5)
  3 orc wizards
  3 orc priests
  3 worker ants
  A hound zombie (D:5)
  A gnoll (D:3)
  8 adders
  A shadow imp (D:6)
  5 worms
  6 giant geckos
  2 oozes (D:5)
  16 orcs
  2 ball pythons
  12 hobgoblins
  9 jackals
  9 kobolds
  3 quokkas
  10 bats
  8 giant cockroaches
  9 giant newts
  11 goblins
  14 rats
152 creatures vanquished.

Vanquished Creatures (collateral kills)
  A crimson imp (D:6)
  An orc wizard (D:6)
  An orc priest (D:6)
  An adder (D:4)
  3 orcs (D:6)
  A jackal (D:5)
  2 kobolds (D:5)
  A rat (D:6)
11 creatures vanquished.

Vanquished Creatures (others)
  A crimson imp (D:6)
  An iron imp (D:5)
  3 white imps
5 creatures vanquished.

Grand Total: 168 creatures vanquished

Notes
Turn   | Place    | Note
--------------------------------------------------------------
     0 | D:1      | BongwizSwagnificent, the Octopode Wizard, began the quest for the Orb.
     0 | D:1      | Reached XP level 1. HP: 11/11 MP: 4/4
   441 | D:1      | Reached XP level 2. HP: 18/18 MP: 1/6
   497 | D:1      | Learned a level 2 spell: Blink
   500 | D:1      | Learned a level 2 spell: Call Imp
   663 | D:1      | Reached skill level 1 in Fighting
   690 | D:1      | Reached XP level 3. HP: 23/23 MP: 8/8
   701 | D:1      | Learned a level 3 spell: Mephitic Cloud
  1065 | D:2      | Found a shattered altar of Ashenzari.
  1160 | D:2      | Reached skill level 1 in Air Magic
  1194 | D:2      | Reached XP level 4. HP: 28/28 MP: 6/9
  1408 | D:2      | Found a shimmering altar of Xom.
  1409 | D:2      | Found a glowing golden altar of the Shining One.
  1795 | D:2      | Learned a level 2 spell: Repel Missiles
  1808 | D:3      | Reached XP level 5. HP: 33/33 MP: 6/12
  2398 | D:3      | Reached skill level 4 in Spellcasting
  2818 | D:4      | Noticed an ogre
  2846 | D:4      | Killed an ogre
  2846 | D:4      | Reached XP level 6. HP: 34/38 MP: 4/15
  3154 | D:4      | Noticed a phantom
  3234 | D:4      | Gained mutation: Space occasionally distorts in your vicinity. [potion of mutation]
  3234 | D:4      | Gained mutation: Your spells are a little easier to cast, but a little less powerful. [potion of mutation]
  3234 | D:4      | Gained mutation: You are resistant to electric shocks. [potion of mutation]
  3250 | D:4      | Killed a phantom
  3672 | D:4      | Reached XP level 7. HP: 21/43 MP: 4/18
  3710 | D:4      | Noticed a phantom
  3846 | D:3      | Learned a level 3 spell: Conjure Flame
  3913 | D:4      | Killed a phantom
  4106 | D:4      | Found a deep blue altar of Sif Muna.
  4109 | D:4      | Became a worshipper of Sif Muna the Loreminder
  4381 | D:5      | Entered Level 5 of the Dungeon
  4398 | D:5      | Reached skill level 5 in Spellcasting
  4561 | D:5      | Reached XP level 8. HP: 31/50 MP: 19/20
  4764 | D:5      | Acquired Sif Muna's first power
  4811 | D:5      | Noticed Grinder
  5004 | D:5      | Killed Grinder
  5050 | D:5      | Noticed a moth of wrath
  5053 | D:5      | Found a bloodstained altar of Trog.
  5216 | D:5      | Found a runed door.
  5228 | D:5      | Reached skill level 6 in Spellcasting
  5666 | D:6      | Found an opulent altar of Gozag.
  5687 | D:6      | Acquired Sif Muna's second power
  5696 | D:6      | Reached skill level 5 in Translocations
  5982 | D:6      | Slain by a worker ant

Action                   |  1- 3 |  4- 6 |  7- 9 || total
-------------------------+-------+-------+-------++-------
Melee: Unarmed           |    17 |       |       ||    17
       Spear             |    89 |    75 |       ||   164
       Trident           |       |   139 |   182 ||   321
Throw: Tomahawk          |       |     8 |     1 ||     9
 Cast: Magic Dart        |    15 |    18 |    27 ||    60
       Mephitic Cloud    |       |    20 |    15 ||    35
       Blink             |       |     3 |     2 ||     5
       Call Imp          |       |     4 |    37 ||    41
       Conjure Flame     |       |       |     4 ||     4
  Use: Potion            |       |     5 |     2 ||     7
       Scroll            |       |       |     7 ||     7
 Stab: Sleeping          |    10 |     9 |       ||    19
       Confused          |       |     4 |     4 ||     8
       Distracted        |       |     1 |     2 ||     3
       Invisible         |       |     1 |       ||     1
  Eat: Chunk             |     1 |    10 |     7 ||    18
